 Dungeon Crawl Stone Soup version 0.22-a0-482-g76e0a5f (webtiles) character file.

797 Gospel the Magician (level 7, -4/51 HPs)
             Began as a Mummy Wizard on June 17, 2018.
             Was a Follower of Vehumet.
             Killed from afar by Dowan (15 damage)
             ... with a wand of flame (21)
             ... on level 4 of the Dungeon.
             The game lasted 00:16:25 (7379 turns).

Gospel the Magician (Mummy Wizard)                  Turns: 7379, Time: 00:16:25

Health: -4/51      AC:  3    Str: 10    XL:     7   Next: 58%
Magic:  1/16       EV: 12    Int: 20    God:    Vehumet [*.....]
Gold:   184        SH:  0    Dex: 10    Spells: 9/18 levels left

rFire    x . .     SeeInvis .   j - +1 hunting sling (flame)
rCold    + . .     Gourm    .   (no shield)
rNeg     + + +     Faith    .   a - +0 robe
rPois    ∞         Spirit   .   b - +1 hat
rElec    .         Reflect  .   (no cloak)
rCorr    .         Harm     .   (no gloves)
MR       .....                  (no boots)
Stlth    ++........             (no amulet)
HPRegen  0.17/turn              (no ring)
MPRegen  0.15/turn              (no ring)

@: no status effects
A: no food or potions, fire vulnerability, cold resistance 1, negative energy
resistance 3, torment resistance, unbreathing
a: Renounce Religion


You were on level 4 of the Dungeon.
You worshipped Vehumet.
Vehumet was aware of your devotion.
You were not hungry.

You visited 2 branches of the dungeon, and saw 6 of its levels.

You collected 184 gold pieces.

Inventory:

Hand Weapons
 d - a +0 spear
 j - a +1 hunting sling of flaming (weapon)
Missiles
 k - 47 stones (quivered)
Armour
 a - a +0 robe (worn)
 b - a +1 hat (worn)
Wands
 m - a wand of acid (8)
Scrolls
 c - a scroll of magic mapping
 e - a scroll of enchant armour
 f - a scroll of remove curse
 g - a scroll of random uselessness
 h - 2 scrolls of teleportation
 i - 2 scrolls of identify
 n - a scroll of blinking {unknown}


   Skills:
 + Level 2.3 Fighting
 + Level 1.8 Slings
 - Level 1.5 Dodging
 - Level 1.5 Stealth
 - Level 6.2 Spellcasting
 + Level 3.6 Conjurations
   Level 0.7 Summonings
 - Level 0.7 Translocations
 + Level 2.1 Fire Magic
 + Level 2.0 Air Magic
 + Level 1.9 Poison Magic


You had 9 spell levels left.
You knew the following spells:

 Your Spells              Type           Power        Failure   Level  Hunger
a - Magic Dart            Conj           ###.         2%          1    N/A
b - Blink                 Tloc           N/A          12%         2    N/A
c - Conjure Flame         Conj/Fire      ###.....     10%         3    N/A
d - Mephitic Cloud        Conj/Pois/Air  ###.....     11%         3    N/A

Your spell library contained the following spells:

 Spells                   Type           Power        Failure   Level  Hunger
 Slow                     Hex            #.......     16%         2    N/A
 Call Imp                 Summ           #.......     12%         2    N/A

Dungeon Overview and Level Annotations

Branches:
Dungeon (5/15)             Temple (1/1) D:4

Altars:
Ashenzari
Dithmenos
Elyvilon
Fedhas
Gozag
Hepliaklqana
Okawaru
Ru
Sif Muna
Trog
Uskayaw
Vehumet
Xom
Yredelemnul
Zin
The Shining One

Annotations:
D:3 1 runed door
D:4 Dowan


Innate Abilities, Weirdness & Mutations

You do not eat or drink.
Your flesh is vulnerable to fire.
You are immune to poison.
Your flesh is cold resistant. (rC+)
You are immune to negative energy. (rN+++)
You are immune to unholy pain and torment.
You can survive without breathing.


Message History

* * * LOW HITPOINT WARNING * * *
You climb upwards.
There is a stone staircase leading down here.
Okay, then.
Unknown command.
Unknown command.
Evoke which item? (* to show all) (? for menu, Esc to quit)
Okay, then.
Unknown command.
As you read the scroll labeled HEEWKU YG BIU, it crumbles to dust.
The dust glows shimmering charcoal!
It was a scroll of random uselessness.
Dowan hits you with a dagger of venom.
* * * LOW HITPOINT WARNING * * *
The phantom blinks!
Your magical contamination has completely faded away.
As you read the scroll labeled YBLIM MELOLE, it crumbles to dust.
It is a scroll of enchant weapon.
Your +0 hunting sling of flaming glows red for a moment.
Dowan zaps a wand.
The puff of flame hits you! The fire burns you terribly!
You die...

################################
...<..#....W'..................#
......#.....#...@e.............#
..##..'.....#....§........##..###
###...###'###.............##..##.
#..%##...########'####..##.....
##>.##...##...###.####..##.....
#........#..)..#..#...........<
#........#.....#..#.[.....<....
#..###'####..#...###...###'####
######.####..#.#.###...###...##


You could see a phantom and Dowan.

Vanquished Creatures
  Sigmund (D:5)
  Duvessa (D:5)
  An ogre (D:5)
  A scorpion (D:4)
  3 hounds
  An iguana (D:4)
  4 worker ants
  2 gnolls (D:4)
  7 adders
  An ooze (D:4)
  An adder skeleton (D:5)
  6 worms
  3 dart slugs
  2 leopard geckos (D:1)
  An orc (D:4)
  6 giant cockroaches
  9 goblins
  10 hobgoblins
  15 jackals
  A quokka (D:2)
  2 ball pythons
  2 bats
  3 frilled lizards
  A jackal skeleton (D:4)
  9 kobolds
  10 rats
103 creatures vanquished.

Notes
Turn   | Place    | Note
-------+----------+-------------------------------------------
     0 | D:1      | Gospel the Mummy Wizard began the quest for the Orb.
     0 | D:1      | Reached XP level 1. HP: 13/13 MP: 5/5
    76 | D:1      | Reached skill level 1 in Conjurations
   280 | D:1      | Reached XP level 2. HP: 19/19 MP: 2/7
   322 | D:1      | Learned a level 2 spell: Blink
  1033 | D:1      | Reached XP level 3. HP: 24/24 MP: 5/9
  1236 | D:1      | Learned a level 3 spell: Conjure Flame
  1240 | D:1      | Learned a level 3 spell: Mephitic Cloud
  1436 | D:2      | Reached skill level 5 in Spellcasting
  1556 | D:2      | Reached XP level 4. HP: 30/30 MP: 1/11
  3096 | D:3      | Reached XP level 5. HP: 35/35 MP: 7/13
  3416 | D:3      | Found a glowing silver altar of Zin.
  3424 | D:3      | Found a runed door.
  3424 | D:3      | Noticed an angel
  3431 | D:3      | Found a shattered altar of Ashenzari.
  4609 | D:3      | Found a deep blue altar of Sif Muna.
  4778 | D:4      | Found a staircase to the Ecumenical Temple.
  4785 | Temple   | Entered the Ecumenical Temple
  5077 | Temple   | Became a worshipper of Vehumet
  5216 | D:4      | Reached skill level 6 in Spellcasting
  5274 | D:4      | Found an opulent altar of Gozag.
  5529 | D:4      | Reached XP level 6. HP: 28/42 MP: 9/15
  5719 | D:4      | Reached skill level 1 in Air Magic
  5917 | D:4      | Reached skill level 1 in Fighting
  6239 | D:4      | Reached skill level 1 in Fire Magic
  6239 | D:4      | Reached skill level 1 in Poison Magic
  6254 | D:4      | Reached skill level 1 in Slings
  6344 | D:4      | Found an iron altar of Okawaru.
  6413 | D:5      | Entered Level 5 of the Dungeon
  6623 | D:5      | Noticed Sigmund
  6629 | D:5      | Noticed Duvessa
  6786 | D:5      | Reached XP level 7. HP: 49/49 MP: 0/16
  7013 | D:4      | Reached * piety under Vehumet
  7013 | D:4      | Offered knowledge of Shock by Vehumet.
  7141 | D:5      | Noticed Dowan
  7145 | D:5      | Killed Sigmund
  7354 | D:5      | Killed Duvessa
  7379 | D:4      | Killed from afar by Dowan

Vault maps used:
D:1:      dpeg_arrival_simpleton_a
D:3:      cheibrodos_ashenzari_chains, marbit_many_paths, lemuel_angel_altar
D:4:      lemuel_round_altar, okawaru_altar_gauntlet_db,
          minmay_temple_entry_glass
D:5:      slow_altar_2, nemelex_xobeh_ov_fountains_minmay, first_ration,
          minmay_fire_ice_demons, uniq_blork_the_orc, uniq_sigmund, uniq_duvessa
Temple:   minmay_temple_forest_path

Skill      XL: |  1  2  3  4  5  6  7 |
---------------+----------------------+-----
Conjurations   | 1 2 3 |  3.6
Spellcasting   | 5 6 |  6.2
Air Magic      | 1 2 |  2.0
Fighting       | 1 2 |  2.3
Fire Magic     | 1 2 |  2.1
Poison Magic   | 1 |  1.9
Slings         | 1 |  1.8
Dodging        | |  1.5
Stealth        | |  1.5
Summonings     | |  0.7
Translocations | |  0.7

Action                   |  1- 3 |  4- 6 |  7- 9 || total
-------------------------+-------+-------+-------++-------
Melee: Unarmed           |    23 |       |       ||    23
       Spear             |    29 |       |       ||    29
 Fire: Hunting sling     |       |   161 |    17 ||   178
 Cast: Magic Dart        |    74 |   122 |    17 ||   213
       Conjure Flame     |       |     4 |     4 ||     8
       Mephitic Cloud    |       |     9 |     5 ||    14
Evoke: Wand              |       |     2 |     2 ||     4
  Use: Scroll            |       |     6 |     2 ||     8
Armor: Robe              |     7 |    20 |     3 ||    30
Dodge: Dodged            |    62 |    77 |    10 ||   149

Table legend:
 A = Spawn XP
 B = Non-spawn XP
 C = Spawn XP percentage of total XP
 D = Spawn monster count
 E = Non-spawn monster count
 F = Spawn count percentage of total count
 G = Total turns spent on level
                    A         B        C        D         E        F      G
               +---------+---------+-------+---------+---------+-------+---------
         Total |       0 |    1139 |   0.0 |       0 |     103 |   0.0 |  7379
               +---------+---------+-------+---------+---------+-------+---------
           D:1 |       0 |      46 |   0.0 |       0 |      27 |   0.0 |  1258
           D:2 |       0 |      81 |   0.0 |       0 |      18 |   0.0 |  1438
           D:3 |       0 |     147 |   0.0 |       0 |      31 |   0.0 |  1981
           D:4 |       0 |     338 |   0.0 |       0 |      22 |   0.0 |  2269
           D:5 |       0 |     527 |   0.0 |       0 |       5 |   0.0 |   105
               +---------+---------+-------+---------+---------+-------+---------
